 Dungeon Crawl Stone Soup version 0.24.0-41-g2ae2f7f1be (console) character file.

Game seed: 3188571654729849410, levelgen mode: deterministic

120 AlterAsc the Insei (level 5, -4/34 HPs)
             Began as an Octopode Transmuter on Dec 13, 2019.
             Slain by Sigmund
             ... wielding a +0 scythe
              (9 damage)
             ... on level 2 of the Dungeon.
             The game lasted 00:06:41 (2628 turns).

AlterAsc the Insei (Octopode Transmuter)            Turns: 2628, Time: 00:06:42

Health: -4/34      AC:  1    Str: 10    XL:     5   Next: 4%
Magic:  3/8        EV: 13    Int: 15    God:
Gold:   129        SH:  0    Dex: 13    Spells: 3/9 levels left

rFire    . . .     SeeInvis .     - Unarmed
rCold    + . .     Gourm    .   (no shield)
rNeg     . . .     Faith    .   (helmet restricted)
rPois    .         Spirit   .   (no amulet)
rElec    .         Reflect  .   j - ring of protection from cold
rCorr    .         Harm     .   (no ring)
MR       .....                  (no ring)
Stlth    ++........             (no ring)
HPRegen  0.11/turn              (no ring)
MPRegen  0.11/turn              (no ring)
                                (no ring)
                                (no ring)

@: very slightly contaminated
A: almost no armour, stealthy swim, amphibious, 8 rings, constrict 8, camouflage
1, gelatinous body 1
a: no special abilities


You were on level 2 of the Dungeon.
You were not hungry.

You visited 1 branch of the dungeon, and saw 2 of its levels.

You collected 129 gold pieces.

Inventory:

Missiles
 a - 9 arrows
Jewellery
 j - a ring of protection from cold (left tentacle)
Scrolls
 b - 3 scrolls of teleportation {unknown}
 e - a scroll of blinking {unknown}
 g - a scroll of enchant armour {unknown}
 l - 2 scrolls of fear {unknown}
 m - a scroll of enchant weapon {unknown}
Potions
 i - a potion of heal wounds {unknown}
 k - a potion of berserk rage {unknown}
Comestibles
 c - 2 rations


   Skills:
 + Level 1.9 Fighting
 - Level 2.0 Dodging
 * Level 3.9 Unarmed Combat
 + Level 2.5 Spellcasting
 * Level 3.3 Transmutations


You had 3 spell levels left.
You knew the following spells:

 Your Spells              Type           Power        Failure   Level  Hunger
a - Beastly Appendage     Tmut           ##....       5%          1    #......
b - Sticks to Snakes      Tmut           ##......     8%          2    ###....
c - Spider Form           Tmut/Pois      #.........   30%         3    ###....

Your spell library contained the following spells:

 Spells                   Type           Power        Failure   Level  Hunger
 Ice Form                 Ice/Tmut       #.......     71%         4    #####..
 Blade Hands              Tmut           ##........   82%         5    ######.


Dungeon Overview and Level Annotations

Branches:
Dungeon (2/15)

Altars:
Elyvilon
Gozag
Kikubaaqudgha

Annotations:
D:2 Natasha, Sigmund


Innate Abilities, Weirdness & Mutations

You cannot wear most types of armour.
You are very stealthy in the water. (Stealth+)
You are amphibious.
You can wear up to eight rings at the same time.
You can use your tentacles to constrict eight enemies at once.
Your skin changes colour to match your surroundings (Stealth+).
Your rubbery body absorbs attacks. (AC +1, EV +1)


Message History

Your ball python completely misses Sigmund.
Your ball python constricts Sigmund.
The crimson imp shouts, "Turn tail, thou dissembling dread-bolted dandiprat!"
The crimson imp barely misses you.
You feel less wooden.
Your ball python bites Sigmund but does no damage.
Your ball python constricts Sigmund.
Natasha claws your ball python!
Your ball python dies!
Sigmund hits you from afar with a +0 scythe.
* * * LOW HITPOINT WARNING * * *
The crimson imp grins evilly.
The crimson imp hits you but does no damage.
The crimson imp barely misses you.
Sigmund casts a spell.
Sigmund flickers and vanishes!
Deactivating autopickup; reactivate with Ctrl-A.
The crimson imp lashes its tail.
The crimson imp closely misses you. Natasha misses you. Something hits you!
You die...

..##..#.#.#.##.#
####..#.#.#.##.#######
.....................#
...)..(#..#.......#.##
#####.##..#.......#.#
..###..#..#.......#.#
.......#..#.......#.##
.#####[...'....h....<#
..........#...{5@.##.#
..........#..........#
..........#....###(###
.#####.#..#....# #.#
.# #....#....# #.# .#
#....#....# #.#
.#####....#....# #†#
.....#...>##'#.# #.#
####)# #.#.# #.#


You could see Natasha and a crimson imp.

Vanquished Creatures
  Jessica (D:2)
  Natasha (D:2)
  3 adders (D:2)
  3 dart slugs
  2 leopard geckos
  A ball python (D:1)
  5 bats (D:2)
  A giant cockroach (D:1)
  4 goblins
  4 hobgoblins
  A quokka (D:2)
  3 frilled lizards
  4 kobolds (D:2)
  3 rats
36 creatures vanquished.

Notes
Turn   | Place    | Note
-------+----------+-------------------------------------------
     0 | D:1      | AlterAsc the Octopode Transmuter began the quest for the
                  | Orb.
     0 | D:1      | Reached XP level 1. HP: 13/13 MP: 3/3
   393 | D:1      | Reached XP level 2. HP: 14/18 MP: 3/5
  1137 | D:2      | Reached XP level 3. HP: 17/23 MP: 4/6
  1337 | D:2      | Noticed Natasha
  1342 | D:2      | Killed Natasha
  1349 | D:2      | Learned a level 2 spell: Sticks to Snakes
  1353 | D:2      | Learned a level 3 spell: Spider Form
  1523 | D:2      | Reached XP level 4. HP: 4/29 MP: 7/7
  1527 | D:2      | HP: 2/43 [poisoned by an adder]
  1942 | D:2      | Noticed Jessica
  1949 | D:2      | Killed Jessica
  2020 | D:2      | Noticed Natasha
  2303 | D:2      | Found a white marble altar of Elyvilon.
  2303 | D:2      | Found an ancient bone altar of Kikubaaqudgha.
  2303 | D:2      | Found an opulent altar of Gozag.
  2453 | D:2      | Reached XP level 5. HP: 31/34 MP: 6/8
  2462 | D:2      | Noticed Sigmund
  2628 | D:2      | Slain by Sigmund

Levels and vault maps discovered:
D:1:      erik_arrival_blinker_ship, layout_basic
D:2:      layout_basic, gammafunk_temple_overflow_forgotten, uniq_jessica,
          uniq_sigmund, uniq_natasha

Skill      XL: |  1  2  3  4 |
---------------+-------------+-----
Transmutations | 3 |  3.3
Fighting       | |  1.9
Dodging        | |  2.0
Unarmed Combat | |  3.9
Spellcasting   | |  2.5

Action                   |  1- 3 |  4- 6 || total
-------------------------+-------+-------++-------
Melee: Unarmed           |    52 |    35 ||    87
       Constrict         |    12 |     6 ||    18
       Kick              |     9 |     7 ||    16
       Tentacles         |     5 |     3 ||     8
       Punch             |     1 |       ||     1
 Cast: Beastly Appendage |    21 |     7 ||    28
       Sticks to Snakes  |       |     3 ||     3
       Spider Form       |       |     2 ||     2
  Use: Potion            |     1 |     2 ||     3
 Stab: Sleeping          |     5 |     1 ||     6
  Eat: Chunk             |     2 |     4 ||     6
Armor: Skin              |     9 |    15 ||    24
Dodge: Dodged            |    25 |    29 ||    54
